 Dungeon Crawl Stone Soup version 0.20.1-1-g8b1a95d (webtiles) character file.

51727 Darg the Gouger (level 14, -4/73 HPs)
             Began as a Felid Transmuter on July 5, 2017.
             Was the Champion of Nemelex Xobeh.
             Splashed by a brown ugly thing's acid (7 damage)
             ... on level 14 of the Dungeon on July 6, 2017.
             The game lasted 04:08:44 (30997 turns).

Darg the Gouger (Felid Transmuter)                 Turns: 30997, Time: 04:08:45

Health: -4/73      AC: -3    Str: 24    XL:     14   Next: 24%
Magic:  21/23      EV: 27    Int: 22    God:    Nemelex Xobeh [******]
Gold:   755        SH:  0    Dex: 14    Spells: 1/24 levels left
                                        Lives:  0   Deaths: 4

rFire    . . .     SeeInvis +     - Unarmed
rCold    + . .     Gourm    .   (shield unavailable)
rNeg     + + .     Faith    +   (armour unavailable)
rPois    +         Spirit   .   (helmet unavailable)
rElec    .         Reflect  .   (cloak unavailable)
rCorr    .         Harm     .   (gloves unavailable)
MR       ++...     Clarity  +   (boots unavailable)
Stlth    +++++.....             V - amulet "Muphapood" {Faith *Contam rN+ Str+6 Dex-4}
Regen    0.3/turn               K - ring of the Ancients {rN+ Str+6 Int+3}
MPRegen  0.2/turn               x - ring of Trepidation {Wiz rPois Int+2}

@: mighty, blade paws, corroded, studying Conjurations, quick
A: no armour, no weapons or thrown items, stealth, claws 1, fangs 3, icy blue
scales 1, camouflage 1, see invisible, carnivore 3, clarity, speed 1, poison
resistance, robust 1, shaggy fur 3, slow metabolism 1, no potion heal 1
a: End Transformation, Triple Draw, Deal Four, Stack Five, Renounce Religion


You were on level 14 of the Dungeon.
You worshipped Nemelex Xobeh.
Nemelex Xobeh was exalted by your worship.
You were very full.
You had blades for front paws.
You visited 3 branches of the dungeon, and saw 21 of its levels.
You visited 1 bazaar.
You also visited: Sewer.

You collected 1564 gold pieces.
You spent 809 gold pieces at shops.

Inventory:

Missiles
 J - 376 arrows
Jewellery
 b - an uncursed ring of flight
 g - a +4 ring of protection
 n - an uncursed ring of resist corrosion
 v - an uncursed ring of poison resistance
 x - the ring of Trepidation (right scythe-like blade) {Wiz rPois Int+2}
   (You bought it in a shop in a bazaar)

   [ring of wizardry]

   It improves your spell success rate.
   It affects your intelligence (+2).
   It protects you from poison.
 F - an uncursed ring of protection from cold
 K - the ring of the Ancients (left scythe-like blade) {rN+ Str+6 Int+3}
   (You found it on level 10 of the Dungeon)

   [ring of positive energy]

   It affects your strength (+6).
   It affects your intelligence (+3).
   It protects you from negative energy.
 R - an uncursed ring of wizardry
 V - the amulet "Muphapood" (around neck) {Faith *Contam rN+ Str+6 Dex-4}
   (You found it on level 5 of the Lair of Beasts)

   [amulet of faith]

   It allows you to gain divine favour quickly.
   It affects your strength (+6).
   It affects your dexterity (-4).
   It protects you from negative energy.
   It causes magical contamination when unequipped.
Wands
 t - a wand of digging (18/24)
 u - a wand of acid (15/15)
 T - a wand of scattershot (8/9)
Scrolls
 a - 8 scrolls of identify
 i - 11 scrolls of remove curse
 k - a scroll of amnesia
 o - a scroll of blinking
 B - 3 scrolls of magic mapping
 E - 3 scrolls of teleportation
 H - a scroll of fog
 M - 2 scrolls of vulnerability
 Y - 2 scrolls of fear
Potions
 h - a potion of resistance
 m - 2 potions of haste
 q - 3 potions of might
 s - 3 potions of agility
 w - 2 potions of invisibility
 z - 2 potions of flight
 O - a potion of ambrosia
 S - 2 potions of brilliance
Books
 p - a book of the Tempests

   Spells                             Type                      Level
   a - Static Discharge               Conjuration/Air              3
   b - Lightning Bolt                 Conjuration/Air              5
   c - Ignition                       Fire                         8
   d - Tornado                        Air                          9
   e - Shatter                        Earth                        9
 D - a manual of Conjurations
Miscellaneous
 e - an ornate deck of escape
 j - a plain deck of escape
 l - a plain deck of summoning
 r - an ornate deck of destruction
 y - a plain deck of escape
 A - a lightning rod (4/4)
 C - an ornate deck of destruction
 G - a plain deck of destruction {drawn: 1}
 I - an ornate deck of destruction
 N - a legendary deck of summoning
 P - a plain deck of destruction
 Q - a plain deck of escape {drawn: 3}
 W - a legendary deck of destruction
 Z - a plain deck of destruction
Comestibles
 c - 10 meat rations
 f - 19 royal jellies


   Skills:
 - Level 11.3 Fighting
 - Level 13.1 Dodging
 + Level 12.6 Stealth
 - Level 13.6 Unarmed Combat
 - Level 5.8 Spellcasting
 - Level 5.2 Conjurations
 - Level 5.0 Hexes
 * Level 10.4 Transmutations
 - Level 1.0 Ice Magic
 - Level 1.3 Earth Magic
 - Level 3.3 Poison Magic
 * Level 9.8 Invocations
 - Level 5.2 Evocations


You had one spell level left.
You knew the following spells:

 Your Spells              Type           Power        Failure   Level  Hunger
a - Beastly Appendage     Tmut           ######       3%          1    None
b - Spider Form           Tmut/Pois      #####.....   8%          3    ##.....
c - Confusing Touch       Hex            ####..       6%          1    None
d - Blade Hands           Tmut           ######....   12%         5    #####..
e - Ice Form              Ice/Tmut       ####....     19%         4    ####...
f - Petrify               Tmut/Erth      ####....     19%         4    ####...
g - Sticks to Snakes      Tmut           ######..     3%          2    None
h - Dazzling Spray        Conj/Hex       ####..       11%         3    ##.....


Dungeon Overview and Level Annotations

Branches:
Dungeon (14/15)            Temple (1/1) D:6            Lair (6/6) D:10
 Shoals (0/4) Lair:2       Spider (0/4) Lair:3        Slime (0/5) Lair:6
    Orc (0/2) D:10         Vaults (0/5) D:13

Altars:
Ashenzari
Cheibriados
Dithmenos
Elyvilon
Fedhas
Gozag
Hepliaklqana
Kikubaaqudgha
Makhleb
Nemelex Xobeh
Okawaru
Qazlal
Ru
Sif Muna
Trog
Uskayaw
Vehumet
Xom
Yredelemnul
Zin
The Shining One

Shops:
D:14 [

Annotations:
D:12 Frances
D:13 Vault
Lair:4 exclusion: 2 oklob plants
Lair:6 1 runed door, dragon, need rF+, exclusion: door


Innate Abilities, Weirdness & Mutations

You cannot wear armour.
You are incapable of wielding weapons or throwing items.
Your paws allow you to move quietly. (Stealth)
You have sharp claws.
You have razor-sharp teeth.
You have supernaturally acute eyesight. (SInv)
You are carnivorous and can eat meat at any time.
You cover ground quickly.
Your thick and shaggy fur keeps you warm. (AC +3, rC+)
You have a slow metabolism.
((Your sharp claws are effective at attacking unaware monsters.))
You are partially covered in icy blue scales. (AC +2)
Your skin changes colour to match your surroundings (Stealth+).
You possess an exceptional clarity of mind.
Your system is resistant to poisons. (rPois)
You are robust. (+10% HP)
Potions are less effective at restoring your health.


Message History

You are splashed with acid!
The acid burns!
You hit the brown ugly thing. You bite the brown ugly thing!
The brown ugly thing is lightly wounded.
The brown ugly thing completely misses you.
You slice the brown ugly thing!!
The brown ugly thing is severely wounded.
The brown ugly thing pecks you. The acid corrodes you!
You are splashed with acid!
The acid burns!
* * * LOW HITPOINT WARNING * * *
Your system partially rejects the healing.
You feel better. The brown ugly thing pecks you!
* * * LOW HITPOINT WARNING * * *
The acid corrodes you!
You are splashed with acid!
The acid burns!
* * * LOW HITPOINT WARNING * * *
Your system partially rejects the healing.
You feel much better. The brown ugly thing pecks you!
* * * LOW HITPOINT WARNING * * *
You are splashed with acid!
The acid burns!
You die...
Your body glows with a rainbow of weird colours and disappears.

#.....................,,#........
#.....................,,#.......#
#.....................,,#........
#.....................,,#........
u.....................,,#........
...u..................,,#........
...............##########........
...............#†.(.....#...)....
...............u@.......#..>....#
#............#.#).......#.......'
#............)..........#########
#............#.#.......)'.......#
#................########.......#
#...............................#
#...........)..#......≈.........#
#..............#.....≈≈≈P........
#..............#...≈≈≈≈...P......


You could see a brown ugly thing.

Vanquished Creatures
  Gastronok (Lair:2)
  Nessos (Lair:4)
  5 hydras
  4 vault guards (D:13)
  A centaur warrior (D:14)
  Erica (D:9)
  4 two-headed ogres
  A fire crab (Lair:5)
  The ghost of VajrapaniSR the Cleaver, a novice DDFi (D:7)
  2 unseen horrors (Lair:6)
  Pikel (D:8)
  A lindwurm (Lair:6)
  3 manticores
  A cyclops (D:11)
  A deep elf mage (D:13)
  A wolf spider (Lair:6)
  26 elephants
  6 ugly things
  10 black mambas
  A guardian serpent (Lair:6)
  2 centaur skeletons
  3 gargoyles
  5 torpor snails
  15 spiny frogs
  An efreet (D:13)
  10 komodo dragons
  A rime drake (Lair:6)
  A troll (D:9)
  4 jumping spiders
  12 hornets
  4 polar bears (Lair:2)
  A queen bee (D:8)
  Grinder (D:3)
  4 tyrant leeches (Lair:6)
  A raiju (shapeshifter) (D:13)
  14 hippogriffs
  A dream sheep (Lair:5)
  2 slime creatures (Lair:6)
  15 blink frogs
  4 redbacks (Lair:3)
  Sigmund (D:3)
  3 shadows
  A spriggan (Lair:2)
  A wraith (D:14)
  11 wyverns
  50 yaks
  A steam dragon (D:10)
  4 basilisks
  A human (Lair:6)
  A hungry ghost (D:10)
  A vampire mosquito (D:13)
  2 acid dragons
  A soldier ant (D:13)
  30 water moccasins
  5 porcupines
  A hornet zombie (D:8)
  5 ice beasts
  3 black bears (Lair:5)
  6 orc warriors
  2 sky beasts
  2 eyes of draining
  2 phantoms
  8 ogres
  15 wolves
  6 centaurs
  11 crocodiles
  5 big kobolds
  2 wyvern zombies
  21 bullfrogs
  A water moccasin zombie (D:7)
  A wyvern skeleton (D:10)
  7 scorpions
  16 killer bees
  29 wights
  3 howler monkeys (D:7)
  An electric eel (Lair:3)
  10 crimson imps
  2 bullfrog zombies
  5 centaur zombies
  A quasit (D:12)
  10 jellies
  4 orc priests
  A gnoll shaman (D:8)
  4 hounds
  18 orc wizards
  2 bullfrog skeletons
  7 iguanas
  9 worker ants
  A hound zombie (D:7)
  2 worker ant zombies
  12 gnolls
  13 adders
  5 river rats
  6 shadow imps
  10 white imps (Lair:4)
  An ooze (Sewer)
  An adder skeleton (D:7)
  6 worms
  A dart slug (D:1)
  10 leopard geckos
  42 orcs
  5 giant cockroaches
  9 goblins
  7 hobgoblins
  11 jackals
  3 quokkas
  6 ball pythons
  6 bats
  6 frilled lizards
  38 kobolds
  A leopard gecko skeleton (D:5)
  27 rats
  2 fungi
  3 plants
740 creatures vanquished.

Vanquished Creatures (collateral kills)
  A dire elephant (Lair:2)
  A hydra (Lair:4)
  An elephant (Lair:2)
  A torpor snail (Lair:6)
  A jumping spider (Lair:5)
  A blink frog (Lair:4)
  A hornet (Lair:6)
  A basilisk (Lair:3)
  2 water moccasins
  3 killer bees (D:10)
13 creatures vanquished.

Vanquished Creatures (others)
  3 slaves (D:8)
  A scorpion (D:8)
  A killer bee (D:8)
  86 fungi
  84 plants
175 creatures vanquished.

Grand Total: 928 creatures vanquished

Notes
Turn   | Place    | Note
-------+----------+-------------------------------------------
     0 | D:1      | Darg the Felid Transmuter began the quest for the Orb.
     0 | D:1      | Reached XP level 1. HP: 9/9 MP: 4/4
   508 | D:1      | Reached XP level 2. HP: 12/12 MP: 6/6
  1310 | D:2      | Reached XP level 3. HP: 12/15 MP: 7/7
  1422 | D:2      | Reached skill level 1 in Stealth
  1518 | D:2      | Learned a level 3 spell: Spider Form
  2410 | D:3      | Reached XP level 4. HP: 19/19 MP: 3/8
  2411 | D:3      | Found an iron altar of Okawaru.
  2509 | D:3      | Noticed Sigmund
  2520 | D:3      | Killed Sigmund
  2520 | D:3      | Reached skill level 5 in Unarmed Combat
  2520 | D:3      | Reached XP level 5. HP: 22/22 MP: 6/9
  2564 | D:3      | Found a bloodstained altar of Trog.
  2644 | D:3      | Gained mutation: You are covered in thick fur. (AC +2) [Felid growth]
  2644 | D:3      | Reached XP level 6. HP: 25/26 MP: 2/10
  2870 | D:3      | Found a stormy altar of Qazlal.
  2891 | D:3      | Noticed Grinder
  2918 | D:3      | Killed Grinder
  2918 | D:3      | Reached XP level 7. HP: 21/30 MP: 6/11
  3006 | D:3      | Gained mutation: You are frail. (-10% HP) [potion of mutation]
  3006 | D:3      | Gained mutation: Your magical capacity is low. (-10% MP) [potion of mutation]
  3006 | D:3      | Lost mutation: Your magical capacity is low. (-10% MP) [potion of mutation]
  3006 | D:3      | Gained mutation: Your mind is acute. (Int +2) [potion of mutation]
  3076 | D:3      | Found a shimmering altar of Xom.
  3230 | D:4      | Learned a level 1 spell: Confusing Touch
  3640 | D:4      | Reached skill level 5 in Dodging
  4141 | D:4      | Found a shattered altar of Ashenzari.
  4192 | D:4      | Reached skill level 1 in Poison Magic
  4739 | D:5      | Entered Level 5 of the Dungeon
  4880 | D:5      | Reached XP level 8. HP: 30/30 MP: 12/12
  5130 | D:5      | Reached skill level 1 in Hexes
  5391 | D:5      | Found a radiant altar of Vehumet.
  5513 | D:5      | Killed from afar by an orc wizard
  5514 | D:5      | Reached XP level 7. HP: 0/27 MP: 9/11
  5661 | D:6      | Gained mutation: You are resistant to hostile enchantments. (MR+) [mutagenic meat]
  5693 | D:6      | Found a glowing drain.
  5703 | D:6      | Found a staircase to the Ecumenical Temple.
  5725 | Temple   | Entered the Ecumenical Temple
  5945 | Sewer    | Entered a sewer
  6628 | Sewer    | Reached skill level 5 in Transmutations
  6628 | Sewer    | Reached XP level 8. HP: 24/30 MP: 9/12
  6810 | Temple   | Became a worshipper of Nemelex Xobeh the Trickster
  6911 | D:6      | Found a basalt altar of Yredelemnul.
  6954 | D:6      | Received a gift from Nemelex Xobeh
  7628 | D:6      | Received a gift from Nemelex Xobeh
  7666 | D:6      | Reached * piety under Nemelex Xobeh
  8024 | D:7      | Noticed VajrapaniSR's ghost (novice DDFi)
  8076 | D:7      | Killed VajrapaniSR's ghost
  8076 | D:7      | Reached skill level 5 in Stealth
  8076 | D:7      | Reached XP level 9. HP: 26/34 MP: 8/13
  8152 | D:7      | Learned a level 5 spell: Blade Hands
  8196 | D:7      | Found a snail-covered altar of Cheibriados.
  8913 | D:7      | Noticed a two-headed ogre
  8937 | D:7      | Killed a two-headed ogre
  8937 | D:7      | Reached skill level 5 in Fighting
  8983 | D:7      | Reached XP level 10. HP: 39/39 MP: 9/14
  9012 | D:7      | Received a gift from Nemelex Xobeh
  9891 | D:8      | Reached ** piety under Nemelex Xobeh
  9936 | D:8      | Noticed Pikel
  9939 | D:8      | Reached skill level 10 in Unarmed Combat
  9952 | D:8      | Killed Pikel
 10177 | D:8      | Received a gift from Nemelex Xobeh
 10497 | D:8      | Found a deep blue altar of Sif Muna.
 11185 | D:9      | Noticed a two-headed ogre
 11204 | D:9      | Killed a two-headed ogre
 11442 | D:9      | Reached skill level 10 in Dodging
 11612 | D:9      | Noticed Erica
 11635 | D:9      | Killed Erica
 11635 | D:9      | Reached XP level 11. HP: 17/45 MP: 12/16
 11870 | D:9      | Found a blossoming altar of Fedhas.
 12214 | D:10     | Entered Level 10 of the Dungeon
 12226 | D:10     | Received a gift from Nemelex Xobeh
 12327 | D:10     | Reached *** piety under Nemelex Xobeh
 12437 | D:10     | Got a brightly glowing iron ring
 12439 | D:10     | Identified the ring of the Ancients {rN+ Str+6 Int+3} (You found it on level 10 of the Dungeon)
 12470 | D:10     | Received a gift from Nemelex Xobeh
 12679 | D:10     | Engulfed by a steam dragon's steam
 12680 | D:10     | Reached XP level 10. HP: 1/43 MP: 14/16
 13105 | D:10     | Found a staircase to the Lair.
 13259 | D:10     | Found a staircase to the Orcish Mines.
 13363 | D:11     | Found a blossoming altar of Fedhas.
 13441 | D:11     | Noticed a four-headed hydra
 13477 | D:11     | Mangled by a seven-headed hydra
 13478 | D:11     | Reached XP level 9. HP: -7/39 MP: 6/16
 13485 | D:11     | Killed a nine-headed hydra
 13499 | D:11     | Noticed a two-headed ogre
 13679 | D:11     | Killed a two-headed ogre
 13679 | D:11     | Reached XP level 10. HP: 30/43 MP: 8/18
 13809 | D:11     | Reached skill level 5 in Spellcasting
 14017 | D:11     | Noticed a manticore
 14029 | D:11     | Killed a manticore
 14173 | D:11     | Reached skill level 10 in Transmutations
 14188 | D:11     | Reached XP level 11. HP: 25/46 MP: 14/19
 14421 | D:11     | Learned a level 4 spell: Ice Form
 14537 | D:11     | Found Vygakas's Distillery.
 14786 | Lair:1   | Entered Level 1 of the Lair of Beasts
 14796 | Lair:1   | Reached skill level 1 in Ice Magic
 14931 | Lair:1   | Lost mutation: You are resistant to hostile enchantments. (MR+) [potion of mutation]
 14931 | Lair:1   | Lost mutation: Your mind is acute. (Int +2) [potion of mutation]
 14931 | Lair:1   | Lost mutation: You are frail. (-10% HP) [potion of mutation]
 14931 | Lair:1   | Gained mutation: You are partially covered in iridescent scales. (AC +2) [potion of mutation]
 14931 | Lair:1   | Gained mutation: You possess an exceptional clarity of mind. [potion of mutation]
 14931 | Lair:1   | Gained mutation: You are robust. (+10% HP) [potion of mutation]
 14931 | Lair:1   | Gained mutation: You are partially covered in icy blue scales. (AC +2) [potion of mutation]
 14932 | Lair:1   | Lost mutation: You are partially covered in icy blue scales. (AC +2) [potion of mutation]
 14932 | Lair:1   | Lost mutation: You are partially covered in iridescent scales. (AC +2) [potion of mutation]
 14932 | Lair:1   | Gained mutation: Your system is resistant to poisons. (rPois) [potion of mutation]
 14932 | Lair:1   | Gained mutation: You are agile. (Dex +2) [potion of mutation]
 14932 | Lair:1   | Gained mutation: Your skin changes colour to match your surroundings (Stealth+). [potion of mutation]
 15398 | Lair:1   | Received a gift from Nemelex Xobeh
 15413 | Lair:1   | Reached **** piety under Nemelex Xobeh
 16050 | Lair:1   | Learned a level 4 spell: Petrify
 16053 | Lair:1   | Learned a level 2 spell: Sticks to Snakes
 16328 | Lair:2   | You fall through a shaft for 2 floors!
 16349 | Lair:4   | Noticed a four-headed hydra
 16375 | Lair:4   | Killed a four-headed hydra
 16378 | Lair:4   | Found a frozen archway.
 16379 | Lair:4   | Received a gift from Nemelex Xobeh
 16691 | Lair:4   | Reached skill level 1 in Earth Magic
 16953 | Lair:4   | Reached skill level 1 in Evocations
 16974 | Lair:4   | Noticed Nessos
 16987 | Lair:4   | Killed Nessos
 17009 | Lair:4   | Noticed a seven-headed hydra
 17087 | Lair:4   | Killed a seven-headed hydra
 17087 | Lair:4   | Gained mutation: Your thick and shaggy fur keeps you warm. (AC +3, rC+) [Felid growth]
 17087 | Lair:4   | Reached XP level 12. HP: 62/62 MP: 4/20
 17155 | Lair:4   | Reached skill level 5 in Invocations
 18438 | Lair:2   | Reached skill level 10 in Stealth
 18719 | Lair:2   | Noticed Gastronok
 18735 | Lair:2   | Found a staircase to the Shoals.
 19005 | Lair:2   | Received a gift from Nemelex Xobeh
 19111 | Lair:2   | Reached XP level 13. HP: 55/67 MP: 16/21
 19250 | Lair:2   | Noticed a dire elephant
 19750 | Lair:2   | Killed a dire elephant
 20085 | Lair:2   | Killed Gastronok
 20085 | Lair:2   | Reached skill level 10 in Fighting
 20365 | Lair:3   | Reached ***** piety under Nemelex Xobeh
 20848 | Lair:3   | Received a gift from Nemelex Xobeh
 21052 | Lair:3   | Found a hole to the Spider Nest.
 23087 | Lair:5   | Got a slimy garnet amulet
 23185 | Lair:5   | Identified the amulet "Muphapood" {Faith *Contam rN+ Str+6 Dex-4} (You found it on level 5 of the Lair of Beasts)
 23421 | Lair:5   | Received a gift from Nemelex Xobeh
 23578 | Lair:6   | Entered Level 6 of the Lair of Beasts
 24045 | Lair:6   | Reached XP level 14. HP: 19/72 MP: 14/22
 25414 | Lair:6   | Received a gift from Nemelex Xobeh
 26022 | Lair:6   | Found a staircase to the Slime Pits.
 26118 | Lair:6   | Found a runed door.
 26129 | Lair:6   | Runed door dragon, need rF+
 27456 | D:12     | Noticed Frances
 27500 | D:12     | Slain by a troll
 27501 | D:12     | Reached XP level 13. HP: -1/69 MP: 19/22
 27742 | D:12     | Lost mutation: You are agile. (Dex +2) [mutagenic meat]
 27936 | D:12     | Received a gift from Nemelex Xobeh
 28257 | D:13     | Found a gate to the Vaults.
 28304 | D:13     | Reached skill level 5 in Evocations
 28322 | D:13     | Received a gift from Nemelex Xobeh
 28406 | D:13     | Learned a level 3 spell: Dazzling Spray
 28440 | D:13     | Reached skill level 1 in Conjurations
 29248 | D:13     | Reached XP level 14. HP: 73/73 MP: 23/23
 29266 | D:13     | Reached skill level 5 in Conjurations
 29448 | D:13     | Gained mutation: You are partially covered in icy blue scales. (AC +2) [mutagenic meat]
 29449 | D:13     | Gained mutation: Potions are less effective at restoring your health. [mutagenic meat]
 29491 | D:13     | Reached skill level 5 in Hexes
 29856 | D:14     | Received a gift from Nemelex Xobeh
 29858 | D:14     | Reached ****** piety under Nemelex Xobeh
 29931 | D:14     | Found Vam Hoef's Antique Armour Emporium.
 29978 | D:14     | Found a flickering gateway to a bazaar.
 29988 | Bazaar   | Entered a bazaar
 29988 | Bazaar   | Received a gift from Nemelex Xobeh
 29991 | Bazaar   | Found Zoopimub's General Store.
 29991 | Bazaar   | Found Finan's Magic Scroll Boutique.
 30008 | Bazaar   | Found Caelefag's Jewellery Shop.
 30070 | Bazaar   | Found Taklaet's Jewellery Boutique.
 30115 | Bazaar   | Bought a scroll of vulnerability for 97 gold pieces
 30115 | Bazaar   | Bought a scroll of magic mapping for 45 gold pieces
 30115 | Bazaar   | Bought a scroll of amnesia for 45 gold pieces
 30115 | Bazaar   | Bought a scroll of identify for 26 gold pieces
 30115 | Bazaar   | Bought a scroll of identify for 26 gold pieces
 30115 | Bazaar   | Bought a scroll of identify for 26 gold pieces
 30115 | Bazaar   | Bought a scroll of fear for 45 gold pieces
 30132 | Bazaar   | Bought the ring of Trepidation {Wiz rPois Int+2} for 499 gold pieces
 30814 | D:14     | Received a gift from Nemelex Xobeh
 30921 | D:14     | Found a shadowy altar of Dithmenos.
 30937 | D:14     | Received a gift from Nemelex Xobeh
 30997 | D:14     | HP: 3/73 [brown ugly thing (16)]
 30997 | D:14     | Splashed by a brown ugly thing's acid

Skill      XL: |  1  2  3  4  5  6  7  8  9 10 11 12 13 14 |
---------------+-------------------------------------------+-----
Dodging        | 3 4 5 7 8 10 11 12 13 | 13.1
Stealth        | 1 2 3 4 5 6 8 9 10 11 12 | 12.6
Unarmed Combat | 4 5 6 7 8 9 10 11 12 13 | 13.6
Fighting       | 2 3 5 8 9 10 11 | 11.3
Poison Magic   | 2 3 |  3.3
Transmutations | 5 6 8 10 7 | 10.4
Hexes          | 3 1 4 5 |  5.0
Spellcasting   | 5 3 |  5.8
Ice Magic      | 1 |  1.0
Earth Magic    | 1 |  1.3
Evocations     | 1 5 4 |  5.2
Invocations    | 3 7 8 9 |  9.8
Conjurations   | 4 5 |  5.2

Action                   |  1- 3 |  4- 6 |  7- 9 | 10-12 | 13-15 || total
-------------------------+-------+-------+-------+-------+-------++-------
Melee: Unarmed           |   132 |    87 |   582 |   817 |   737 ||  2355
       Bite              |     8 |     2 |    15 |    64 |    99 ||   188
       Punch             |     1 |     1 |     4 |    27 |    49 ||    82
       Headbutt          |     4 |     1 |    11 |     3 |     1 ||    20
 Cast: Beastly Appendage |     6 |     1 |    14 |     5 |     2 ||    28
       Spider Form       |     2 |     6 |    48 |    46 |     3 ||   105
       Confusing Touch   |       |       |    49 |    50 |     9 ||   108
       Blade Hands       |       |       |     2 |    38 |    64 ||   104
       Petrify           |       |       |       |    12 |    56 ||    68
       Sticks to Snakes  |       |       |       |     9 |     9 ||    18
       Ice Form          |       |       |       |     2 |       ||     2
       Dazzling Spray    |       |       |       |       |     1 ||     1
 Abil: End Transformatio |       |       |     7 |    26 |    37 ||    70
       Evoke Flight      |       |       |       |       |     2 ||     2
Evoke: Deck              |       |       |     2 |    15 |    23 ||    40
       Lightning rod     |       |       |       |     4 |     4 ||     8
       Sack of spiders   |       |       |       |       |     1 ||     1
       Wand              |       |       |       |       |     1 ||     1
  Use: Scroll            |       |     3 |    11 |    12 |    11 ||    37
       Potion            |       |     1 |    17 |    24 |    10 ||    52
 Stab: Sleeping          |     5 |       |    17 |    12 |    18 ||    52
       Distracted        |     1 |       |     1 |     4 |     4 ||    10
       Confused          |       |       |    38 |    28 |     5 ||    71
       Invisible         |       |       |       |     2 |     1 ||     3
       Petrified         |       |       |       |     3 |    18 ||    21
       Petrifying        |       |       |       |     2 |     9 ||    11
  Eat: Chunk             |    10 |     3 |    24 |    55 |    65 ||   157
Armor: Skin              |     7 |     9 |    33 |    63 |    44 ||   156
Dodge: Dodged            |    89 |    70 |   467 |   900 |   644 ||  2170
